federico, lawful male human Priest --------------------------------- |...............................| |.------------.....------------.| |.|?%"|...|!%|.....+ |(((|...|.| |.|*.[|...|%%|.....| |(((|...|.| |.|[%?|...|..|G....| |...|.. |.| |.|...|...||--.....-----|--|---.| -.--|---|--......G..............| |.............{.sxf@.{..........| |.-|---|---....---@--...........| |.|.. |.. ----.|....|.------|--.| |.|...|...| +.|....|.| |....|.| |.|...|...| |.|.(_@|.+ |....|.| |.|...|...| |.|....|.| |....|.| |.------------.------.---------.| |...............................| --------------------------------- federico the Adept Experience level: 6 Strength: 14 Dexterity: 14 Constitution: 13 Intelligence: 9 Wisdom: 18 Charisma: 10 Health: 0(40) Energy: 73(90) AC: 0 Gold: 156 Moves: 2722 Your Inventory: Coins $ - 156 gold pieces Weapons a - a blessed +1 mace (weapon in hand) Armor b - an uncursed +0 robe (being worn) c - an uncursed +0 small shield (being worn) m - an uncursed +0 leather armor (being worn) E - an uncursed +0 pair of leather gloves (being worn) Comestibles e - an uncursed clove of garlic f - an uncursed sprig of wolfsbane n - an uncursed fortune cookie u - an uncursed food ration x - 2 uncursed slime molds Tools k - an uncursed looking glass [mirror] p - an uncursed bag called holding [of holding] t - an uncursed blindfold Contents of the bag of holding: an uncursed oil lamp (0:1135) Spells known in the end: Name Level Category Fail Memory a - protection 1 clerical 0% [|||||||.] b - light 1 divination 0% [|||||||.] Your skills at the end: Fighting Skills Weapon Skills mace [Basic / Expert] Spellcasting Skills clerical spells [Basic / Expert] Final Attributes: You were piously aligned. Hunger level was 386. Your alignment was 22 / 23. Monster difficulty range was 1 - 6. Level difficulty was 7. You were telepathic. You were protected. You were lucky (2). You are dead. Vanquished creatures: a pony 2 gnome lords 2 gnomish wizards a giant ant a floating eye a rothe a monkey an iguana 3 giant rats 2 green molds 7 gnomes a gecko a fox 2 goblins 5 grid bugs a lichen a kobold zombie 2 newts 35 creatures vanquished. Voluntary challenges: You used a wielded weapon 30 times. You read items or engraved 17 times. You put on armor 5 times. You never genocided any monsters. You never polymorphed an object. You never changed form. You used no wishes. You wrote Elbereth's name 9 times. You never encountered a bones level. You never used any Sokoban shortcuts. Dungeon overview: The Dungeons of Doom: levels 1 to 5 Level 1 a fountain, a sink a long staircase Level 2 a general store Level 3 an altar Level 4 a fountain stairs to The Gnomish Mines The Gnomish Mines: levels 5 to 7 Level 5 stairs to The Dungeons of Doom Level 7 <- You were here some shops, a temple to Ptah, a magic chest, some fountains History has recorded: On T:1 you entered the Dungeons of Doom to retrieve the Amulet of Yendor! On T:415 you reached level 2 of The Dungeons of Doom. On T:575 you reached level 3 of The Dungeons of Doom. On T:1211 you reached level 4 of The Dungeons of Doom. On T:1247 you reached level 5 of The Dungeons of Doom. On T:1320 you advanced to experience level 2. On T:1416 you reached level 1 of The Gnomish Mines. On T:1434 you advanced to experience level 3. On T:1473 you advanced to experience level 4. On T:1488 you reached level 2 of The Gnomish Mines. On T:1501 you reached level 3 of The Gnomish Mines. On T:1539 you advanced to experience level 5. On T:2552 you advanced to experience level 6. Latest messages: [HP+1=21] [HP+1=22] [HP+1=23] [100 turns] The air around you begins to shimmer with a golden haze. The golden haze around you becomes more dense. There is an open door here. You see here an uncursed dagger. [HP+1=24] There is an open door here. You see here an uncursed dagger. There is an open door here. You see here an uncursed dagger. The golden haze around you becomes less dense. There is an open door here. You see here an uncursed dagger. The jaguar hits! (2x) The jaguar bites! The jaguar hits! (2x) The jaguar bites! You die... Final status: Goodbye federico the Priest... You died in The Gnomish Mines on dungeon level 7 with 1457 points, and 156 pieces of gold, after 2722 moves. You were level 6 with a maximum of 40 hit points when you died.